groovejumper, neutral female human Wizard ----------- +.......... u.| |<.......... .@| #.............f.| |..............| ---------#------ groovejumper the Conjurer Experience level: 5 Strength: 12 Dexterity: 13 Constitution: 15 Intelligence: 18 Wisdom: 11 Charisma: 8 Health: 0(36) Energy: 44(44) AC: 7 Gold: 764 Moves: 1785 Your Inventory: Coins $ - 764 gold pieces Weapons a - a blessed +1 quarterstaff (weapon in hands) Armor b - an uncursed +0 cloak of magic resistance (being worn) D - an [uncursed] +0 pair of hard shoes [iron] (being worn) Comestibles B - an [uncursed] food ration Scrolls i - a blessed scroll of charging j - a blessed scroll of stinking cloud k - 2 uncursed scrolls of remove curse o - a [cursed] scroll called teleportation? [of teleportation] t - an [uncursed] scroll called teleportation? [of teleportation] A - an [uncursed] scroll labeled PHOL ENDE WODAN [of enchant weapon] Spellbooks l - a blessed spellbook of force bolt m - an uncursed spellbook of wizard lock p - an [uncursed] spellbook of drain life Potions f - an uncursed potion of polymorph g - an uncursed clear potion [of water] h - 2 uncursed potions of healing n - a [cursed] emerald potion [of fruit juice] u - an [uncursed] clear potion [of water] x - a [blessed] dark green potion [of booze] Rings d - an uncursed ring of polymorph e - an uncursed ring of teleport control r - an [uncursed] wedding ring [of searching] Wands c - an uncursed wand of magic missile (0:8) q - an [uncursed] brass wand [of fire (0:4)] y - an [uncursed] aluminum wand [of speed monster (0:4)] Tools s - an [uncursed] tin whistle v - an [uncursed] blindfold C - an [uncursed +0] pick-axe Gems w - an [uncursed] orange gem [agate] Spells known in the end: Name Level Category Fail Memory a - force bolt 1 attack 0% [||||||||] b - wizard lock 2 matter 60% [||||||||] c - drain life 2 attack 0% [||||||||] Your skills at the end: Fighting Skills Weapon Skills quarterstaff [Basic / Expert] Spellcasting Skills attack spells [Basic / Expert] enchantment spells [Basic / Skilled] Final Attributes: You were devoutly aligned. Hunger level was 734. Your alignment was 17 / 18. Monster difficulty range was 1 - 5. Level difficulty was 6. You were magic-protected. Your luck was zero. You are dead. Vanquished creatures: a bugbear a violet fungus a gnome lord a floating eye a dwarf a homunculus a kobold shaman 2 giant bats a coyote a gas spore a large kobold 2 giant rats 3 geckos a fox a goblin 4 grid bugs a lichen a kobold zombie a newt 26 creatures vanquished. Voluntary challenges: You used a wielded weapon 25 times. You read items or engraved 2 times. You put on armor 2 times. You never genocided any monsters. You never polymorphed an object. You never changed form. You used no wishes. You wrote Elbereth's name 1 time. You never encountered a bones level. You never used any Sokoban shortcuts. Dungeon overview: The Dungeons of Doom: levels 1 to 6 Level 1 a long staircase Level 2 a general store Level 3 a fountain Level 4 a fountain stairs to The Gnomish Mines Level 6 <- You were here The Gnomish Mines: Level 5 stairs to The Dungeons of Doom History has recorded: On T:1 you entered the Dungeons of Doom to retrieve the Amulet of Yendor! On T:323 you reached level 2 of The Dungeons of Doom. On T:368 you advanced to experience level 2. On T:425 you advanced to experience level 3. On T:857 you reached level 3 of The Dungeons of Doom. On T:922 you advanced to experience level 4. On T:1155 you reached level 4 of The Dungeons of Doom. On T:1272 you reached level 1 of The Gnomish Mines. On T:1349 you reached level 5 of The Dungeons of Doom. On T:1447 you advanced to experience level 5. On T:1743 you reached level 6 of The Dungeons of Doom. Latest messages: [HP+1=35] Hit points restored. [HP+1=36] You stop. Taro is in the way! Done exploring. Where do you want to travel to? Magic energy restored. The white unicorn butts! The white unicorn just misses! The white unicorn butts! The white unicorn kicks! [HP-16=20] You write "Elbereth" with your fingers into the dust. The white unicorn turns to flee! [HP+1=21] [HP+1=22] The white unicorn butts! The white unicorn kicks! You hear a door open. The white unicorn butts! The white unicorn kicks! [HP-17=5] [HP+1=6] The white unicorn butts! You die... Final status: Goodbye groovejumper the Wizard... You died in The Dungeons of Doom on dungeon level 6 with 2018 points, and 764 pieces of gold, after 1785 moves. You were level 5 with a maximum of 36 hit points when you died.